 Dungeon Crawl Stone Soup version 0.29.1-13-g9f3cf754e1 (webtiles) character file.

Game seed: 6478994792843711774

198 Thatpatchoflichen the Shooter (level 5, -2/33 HPs)
             Began as a Deep Elf Hunter on Jan 26, 2023.
             Slain by a gnoll
             ... wielding a +0 spear
              (9 damage)
             ... on level 4 of the Dungeon.
             The game lasted 00:08:48 (3778 turns).

Thatpatchoflichen the Shooter (Deep Elf Hunter)     Turns: 3778, Time: 00:08:49

Health: -2/33      AC:  3    Str:  8    XL:     5   Next: 47%
Magic:  7/7        EV: 17    Int: 14    God:
Gold:   173        SH:  0    Dex: 20    Spells: 4/4 levels left

rFire   . . .      SeeInvis .   a - +0 shortbow
rCold   . . .      Faith    .   (shield currently unavailable)
rNeg    . . .      Spirit   .   c - +0 leather armour
rPois   .          Reflect  .   (no helmet)
rElec   .          Harm     +   g - scarf {harm}
rCorr   .          Rampage  .   (no gloves)
Will    .....                   (no boots)
Stlth   ++........              (no amulet)
HPRegen 0.11/turn               m - +4 ring of evasion
MPRegen 0.10/turn               (no ring)

@: no status effects
A: no striking features
a: no special abilities


You were on level 4 of the Dungeon.
You visited 1 branch of the dungeon, and saw 4 of its levels.

You collected 173 gold pieces.

Inventory:

Hand Weapons
 a - a +0 shortbow (weapon)
 s - a +2 dagger of protection
 v - a +2 dagger of electrocution
Missiles
 t - 11 poisoned darts
 u - 3 boomerangs
Armour
 c - a +0 leather armour (worn)
 g - a scarf of harm (worn)
Jewellery
 m - a +4 ring of evasion (left hand)
Wands
 p - a wand of roots (9)
Scrolls
 b - 2 scrolls of immolation
 d - 2 scrolls of fear {unknown}
 e - a scroll of enchant weapon {unknown}
 h - 4 scrolls of identify {unknown}
 i - 3 scrolls of teleportation {unknown}
 j - a scroll of vulnerability {unknown}
 k - a scroll of poison {unknown}
 l - a scroll of magic mapping {unknown}
 q - a scroll of blinking {unknown}
Potions
 f - a potion of heal wounds
 n - a potion of flight {unknown}
 o - a potion of magic {unknown}
 r - a potion of curing {unknown}


   Skills:
 + Level 3.7 Fighting
 - Level 6.0 Ranged Weapons
 - Level 4.0 Dodging
 - Level 2.0 Stealth


You had 4 spell levels left.
You didn't know any spells.
Your spell library contained the following spells:

 Spells                   Type           Power      Damage    Failure   Level
 Gell's Gravitas          Tloc           0%         N/A       77%         3
 Teleport Other           Tloc           0%         N/A       77%         3
 Dispersal                Tloc           0%         N/A       100%        6


Dungeon Overview and Level Annotations

Branches:
Dungeon (4/15)
 Temple: D:4-7

Altars:
Dithmenos


Message History

Aim: a gnoll, wielding a +0 whip (lightly wounded, 69% to hit)
You shoot an arrow. The arrow hits the gnoll!
You kill the gnoll!
The gnoll hits you with a +0 club. The gnoll closely misses you.
The gnoll hits you with a +0 club.
Fire: a) +0 shortbow
Press: ? - help, Shift-Dir - straight line, f - gnoll
Aim: a gnoll, wielding a +0 club (69% to hit)
You shoot an arrow.
The arrow hits the gnoll but does no damage.
The gnoll hits you from afar with a +0 spear!
The gnoll hits you with a +0 club.
Fire: a) +0 shortbow
Press: ? - help, Shift-Dir - straight line, f/p - gnoll
Aim: a gnoll, wielding a +0 club (69% to hit)
You shoot an arrow. The arrow hits the gnoll!
The gnoll is severely wounded.
The gnoll closely misses you. The gnoll hits you with a +0 club.
Unknown command.
Fire: a) +0 shortbow
Press: ? - help, Shift-Dir - straight line, f/p - gnoll
Aim: a gnoll, wielding a +0 club (severely wounded, 69% to hit)
You shoot an arrow. The arrow hits the gnoll.
The gnoll is almost dead.
The gnoll hits you from afar with a +0 spear.
* * * LOW HITPOINT WARNING * * *
The gnoll barely misses you.
Fire: a) +0 shortbow
Press: ? - help, Shift-Dir - straight line, f/p - gnoll
Aim: a gnoll, wielding a +0 club (almost dead, 69% to hit)
You shoot an arrow. The arrow hits the gnoll.
You kill the gnoll!
The gnoll barely misses you. x2
Fire: a) +0 shortbow
Press: ? - help, Shift-Dir - straight line, f - gnoll
Aim: a gnoll, wielding a +0 spear (69% to hit)
You shoot an arrow. The arrow hits the gnoll.
The gnoll is lightly wounded.
The gnoll hits you from afar with a +0 spear!
You die...

..# #(# .#
#.# .# #.#
.#
#####.###.#
.#
#.........#
.#
#.###.#####
g# #.#
#<########)#
#.#
#........@)#
#.#
############
#.# #.#
####.#
.....#
######


You could see a gnoll.

Vanquished Creatures
  Jessica (D:1)
  Terence (D:2)
  3 gnolls (D:4)
  2 adders
  3 worms
  2 dart slugs (D:2)
  9 orcs
  4 ball pythons
  6 bats
  7 endoplasms
  A giant cockroach (D:2)
  4 goblins
  8 hobgoblins
  6 jackals
  5 quokkas
  3 frilled lizards (D:1)
  7 kobolds
  3 rats
75 creatures vanquished.

Notes
Turn   | Place    | Note
-------+----------+-------------------------------------------
     0 | D:1      | Thatpatchoflichen the Deep Elf Hunter began the quest for
                  | the Orb.
     0 | D:1      | Reached XP level 1. HP: 12/12 MP: 3/3
   402 | D:1      | Reached XP level 2. HP: 17/17 MP: 4/4
   946 | D:2      | Noticed Jessica
   956 | D:1      | Killed Jessica
   957 | D:1      | Reached XP level 3. HP: 2/21 MP: 5/5
  1255 | D:2      | Found a shadowy altar of Dithmenos.
  1336 | D:2      | Reached skill level 6 in Ranged Weapons
  1339 | D:2      | You fall into a shaft and drop 1 floor!
  1371 | D:3      | Reached XP level 4. HP: 26/26 MP: 6/6
  1996 | D:2      | Found a faded altar of an unknown god.
  2084 | D:2      | Noticed Terence
  2097 | D:2      | HP: 1/27 [Terence/+0 mace (8)]
  2103 | D:2      | Killed Terence
  2414 | D:2      | Reached XP level 5. HP: 32/32 MP: 7/7
  3778 | D:4      | Slain by a gnoll

Illustrated notes

Levels and vault maps discovered:
D:1:      dpeg_arrival_tiny_a, layout_loops_corners
D:2:      minmay_door_path, layout_rooms, shapermc_ecumenical_altar_flowoftime,
          basic_altar, minmay_misc_feat_pillars, uniq_jessica, uniq_terence
D:3:      layout_loops_cross
D:4:      layout_loops_ring, uniq_grinder

Skill      XL: |  1  2  3  4 |
---------------+-------------+-----
Stealth        | 2 |  2.0
Fighting       | 2 3 |  3.7
Dodging        | 3 4 |  4.0
Ranged Weapons | 6 |  6.0

Action                   |  1- 3 |  4- 6 || total
-------------------------+-------+-------++-------
Melee: Shortbow          |       |     3 ||     3
 Fire: Shortbow          |    69 |   142 ||   211
  Use: Potion            |       |     1 ||     1
Armor: Leather armour    |     4 |    12 ||    16
Dodge: Dodged            |    19 |    65 ||    84
